 Dungeon Crawl Stone Soup version 0.27-a0-1065-ge809cff456 (webtiles) character file.

Game seed: 8315144059606418026

58 kae the Ruffian (level 3, -2/42 HPs)
             Began as a Draconian Transmuter on Apr 23, 2021.
             Slain by a hound (3 damage)
             ... on level 4 of the Dungeon.
             The game lasted 00:00:51 (794 turns).

kae the Ruffian (Draconian Transmuter)               Turns: 794, Time: 00:00:52

Health: -2/42      AC:  5    Str: 12    XL:     3   Next: 76%
Magic:  5/6        EV: 12    Int: 14    God:
Gold:   42         SH:  0    Dex: 11    Spells: 2/6 levels left

rFire    + . .     SeeInvis .     - Unarmed
rCold    + . .     Faith    .   (no shield)
rNeg     . . .     Spirit   .   (armour unavailable)
rPois    +         Reflect  .   (helmet restricted)
rElec    +         Harm     .   (no cloak)
rCorr    +         Rampage  .   (no gloves)
Will     .....                  (no boots)
Stlth    ..........             (no amulet)
HPRegen  0.14/turn              (no ring)
MPRegen  0.10/turn              (no ring)

@: berserking, resistant, attractive, very quick
A: AC +5, unfitting armour, cold-blooded
a: no special abilities


You were on level 4 of the Dungeon.
You visited 1 branch of the dungeon, and saw 3 of its levels.

You collected 42 gold pieces.

Inventory:

Scrolls
 f - a scroll of teleportation
Potions
 a - a potion of curing


   Skills:
 + Level 1.6 Fighting
 + Level 2.1 Dodging
 * Level 3.5 Unarmed Combat
 + Level 2.3 Spellcasting
 * Level 2.8 Transmutations


You had 2 spell levels left.
You knew the following spells:

 Your Spells              Type           Power      Damage    Failure   Level
a - Beastly Appendage     Tmut           18%        N/A       7%          1
b - Spider Form           Tmut/Pois      2%         N/A       36%         3

Your spell library contained the following spells:

 Spells                   Type           Power      Damage    Failure   Level
 Wereblood                Tmut           9%         N/A       11%         2
 Animate Skeleton         Necr           2%         N/A       22%         1
 Pain                     Necr           4%         1d4       22%         1
 Vampiric Draining        Necr           0%         2d6       56%         3
 Ice Form                 Ice/Tmut       5%         N/A       77%         4
 Hydra Form               Tmut           4%         N/A       89%         5
 Animate Dead             Necr           0%         N/A       92%         4
 Agony                    Necr           1%         N/A       99%         5


Dungeon Overview and Level Annotations

Branches:
Dungeon (2/15)

Altars:


Innate Abilities, Weirdness & Mutations

Your plain brown scales are hard. (AC +5)
You cannot fit into any form of body armour.
You are cold-blooded and may be slowed by cold attacks.


Message History

The ball python closely misses you.
It was a potion of curing.
You feel better. The hound barely misses you.
The ball python bites you but does no damage.
The ball python misses you. The hound closely misses you.
You bite the hound!
The hound is poisoned.
The hound is heavily wounded.
Your transformation has ended.
The hound bites you.
* * * LOW HITPOINT WARNING * * *
The ball python closely misses you. x2
The hound barely misses you. The hound closely misses you. The hound bites you.
* * * LOW HITPOINT WARNING * * *
The ball python bites you but does no damage.
The ball python misses you.
It was a potion of resistance.
You feel protected. The ball python misses you.
The ball python barely misses you.
It was a potion of attraction.
You feel attractive to monsters. The hound closely misses you.
The ball python closely misses you. The ball python grabs you.
The ball python constricts you.
It was a potion of berserk rage.
A red film seems to cover your vision as you go berserk!
You feel yourself moving faster!
You feel mighty! The hound barely misses you. The ball python bites you.
* * * LOW HITPOINT WARNING * * *
x2 The ball python constricts you.
The hound barely misses you. The ball python bites you.
* * * LOW HITPOINT WARNING * * *
x2 The ball python constricts you.
You hit the ball python.
You kill the ball python!
The hound bites you.
* * * LOW HITPOINT WARNING * * *
The ogre is pulled toward you!
You miss the hound.
Your tail-slap misses the hound.
The hound is almost dead.
The hound bites you.
You die...

#..##..........#
#..#...........#
#..###'##......#
#..##..##......#
#..##..........#
#.r..O.........#
#.J............# .
#hO##......##..#
..##.@##..##..##..#
#......##..##........
+....................
#####..............
#..†...........
#..##..##..##..
#..##..# ..#
.....#... ..# ....
#...+ ..#


You could see an ogre, a hound (poisoned), an endoplasm and a quokka.

Vanquished Creatures
  A hound (D:4)
  An orc (D:2)
  2 ball pythons
  4 bats (D:1)
  3 endoplasms (D:1)
  4 hobgoblins
  4 jackals (D:1)
  A quokka (D:1)
  3 kobolds (D:1)
  3 rats (D:1)
26 creatures vanquished.

Vanquished Creatures (others)
  A plant (D:4)
1 creature vanquished.

Grand Total: 27 creatures vanquished

Notes
Turn   | Place    | Note
-------+----------+-------------------------------------------
     0 | D:1      | kae the Draconian Transmuter began the quest for the Orb.
     0 | D:1      | Reached XP level 1. HP: 16/16 MP: 3/3
   164 | D:1      | Reached XP level 2. HP: 23/23 MP: 5/5
   449 | D:1      | Found a faded altar of an unknown god.
   729 | D:2      | You fall into a shaft and drop 2 floors!
   739 | D:4      | Reached XP level 3. HP: 28/28 MP: 4/6
   743 | D:4      | Learned a level 3 spell: Spider Form
   767 | D:4      | Noticed an ogre
   792 | D:4      | HP: 2/42 [ball python (1)]
   794 | D:4      | Slain by a hound

Illustrated notes

Levels and vault maps discovered:
D:1:      saegor_arrival_simple_c, layout_basic,
          hellmonk_ecumenical_altar_run_dry, due_unseen_surprise
D:2:      layout_basic, minmay_tromino_v7
D:4:      layout_gridville, serial_bayou_pond_b, uniq_duvessa, uniq_eustachio

Skill      XL: |  1  2 |
---------------+-------+-----
Dodging        | 2 |  2.1
Fighting       | |  1.6
Unarmed Combat | |  3.5
Spellcasting   | |  2.3
Transmutations | |  2.8

Action                   || total
-------------------------++-------
Melee: Unarmed           ||    67
       Kick              ||     8
       Headbutt          ||     6
       Tailslap          ||     5
 Cast: Beastly Appendage ||    10
       Spider Form       ||     1
  Use: Scroll            ||     3
       Potion            ||     4
Armor: Skin              ||    25
Dodge: Dodged            ||    69

Table legend: (Time is in decaauts)
 A = Elapsed time spent in this place.
 B = Non-inter-level travel time spent in this place.
 C = Inter-level travel time spent in this place.
 D = Time resting spent in this place.
 E = Time spent auto-exploring this place.
 F = Levels seen in this place.
 G = Mean time per level.
                   A        B        C        D        E       F      G
               +--------+--------+--------+--------+--------+-----+--------+
         Total |    792 |    777 |     15 |      0 |    612 |   3 |  264.0 |
       Dungeon |    792 |    777 |     15 |      0 |    612 |   3 |  264.0 |
               +--------+--------+--------+--------+--------+-----+--------+

Top non-repeatable levels by time:
     D:1: 672 daAuts
     D:4: 63 daAuts
     D:2: 55 daAuts
